 Dungeon Crawl Stone Soup version 0.31-a0-185-g9dded2c639 (webtiles) character file.

Game seed: 2593611017553907020

28 qw the Shooter (level 3, 0/20 HPs)
             Began as a Deep Elf Hunter on June 22, 2023.
             Slain by Terence
             ... wielding a +0 hand axe
              (5 damage)
             ... on level 2 of the Dungeon.
             The game lasted 00:00:17 (753 turns).

qw the Shooter (Deep Elf Hunter)                     Turns: 753, Time: 00:00:17

Health: 0/20       AC:  3    Str: 10    XL:     3   Next: 0%
Magic:  5/5        EV: 12    Int: 13    God:
Gold:   105        SH:  0    Dex: 18    Spells: 2/2 levels left

rFire   . . .        Y - +1 shortbow
rCold   . . .        (shield currently unavailable)
rNeg    . . .        c - +0 leather armour
rPois   .            (no helmet)
rElec   .            (no cloak)
rCorr   .            (no gloves)
SInv    +            (no boots)
Will    .....        (no amulet)
Stlth   ++           f - ring of see invisible
HPRegen 0.23/turn    (no ring)
MPRegen 0.09/turn

%: no passive effects
@: no status effects
A: no striking features
a: no special abilities


You were on level 2 of the Dungeon.
You visited 1 branch of the dungeon, and saw 2 of its levels.

You collected 105 gold pieces.


   Skills:
 - Level 1.5 Fighting
 + Level 6.6 Ranged Weapons
 - Level 2.4 Dodging
 - Level 1.2 Stealth


You had 2 spell levels left.
You didn't know any spells.
Your spell library was empty.

Inventory:

Hand Weapons
 Y - a +1 shortbow (weapon)
Armour
 c - a +0 leather armour (worn)
Jewellery
 f - a ring of see invisible (left hand)
Scrolls
 l - a scroll of identify
Potions
 d - a potion of lignification {unknown}
 j - a potion of attraction {unknown}

Dungeon Overview and Level Annotations

Branches:
Dungeon (2/15)

Altars:

Annotations:
D:2 Jessica, Terence


Message History

The kobold hits you with a +0 short sword.
Terence hits you with a +0 hand axe.
You shoot an arrow. The arrow closely misses Terence.
The arrow hits the endoplasm!
You kill the endoplasm!
The kobold barely misses you. Terence barely misses you.
You have reached level 3!
Your experience leads to an increase in your attributes!
Increase (S)trength, (I)ntelligence, or (D)exterity?
You feel stronger. x2
You shoot an arrow. The arrow hits Terence.
Terence is severely wounded.
The kobold hits you with a +0 short sword.
Terence misses you.
You shoot an arrow.
The arrow hits Terence but does no damage.
Terence is severely wounded.
The kobold hits you but does no damage. Terence hits you but does no damage.
You shoot an arrow.
The arrow hits Terence but does no damage.
Terence is severely wounded.
Terence barely misses you. The kobold hits you but does no damage.
Jessica gestures wildly while chanting.
Jessica blinks!
You shoot an arrow.
The arrow hits Terence but does no damage.
Terence is severely wounded.
The kobold barely misses you. Terence barely misses you.
You shoot an arrow.
The arrow hits Terence but does no damage.
Terence is severely wounded.
Jessica closely misses you. Terence closely misses you.
The kobold hits you with a +0 short sword.
Jessica hits you with a +0 dagger.
You shoot an arrow.
The arrow hits Terence but does no damage.
Terence is severely wounded.
Jessica hits you with a +0 dagger. The kobold barely misses you.
Terence hits you with a +0 hand axe.
You die...

##.........(...
#..............
#..............
#............
#...$......##.# #.
#.$...........# .
##........## .#
#.....K@...# ..#
#.....@@...####.#
#...............#
#.......<.......#
#...............#
##......%.......#
##......#..........
########......####
#......# #......#


You could see Terence, Jessica (fast) and a kobold.

Vanquished Creatures
  A dart slug (D:1)
  4 endoplasms
  3 giant cockroaches (D:1)
  3 hobgoblins
  A kobold (D:1)
  3 quokkas
  4 ball pythons (D:1)
  A bat (D:1)
  3 rats (D:1)
23 creatures vanquished.

Notes
Turn   | Place    | Note
-------+----------+-------------------------------------------
     0 | D:1      | qw the Deep Elf Hunter began the quest for the Orb.
     0 | D:1      | Reached XP level 1. HP: 12/12 MP: 3/3
     0 | D:1      | 0 ||| qw: Version: 0.3-a-9-g12657ce
     0 | D:1      | 0 ||| qw: Game counter: 1731
     0 | D:1      | 0 ||| qw: Always use a shield: true
     0 | D:1      | 0 ||| qw: God list: Okawaru
     0 | D:1      | 0 ||| qw: Allow faded altars: false
     0 | D:1      | 0 ||| qw: Do Orc after D:15 true
     0 | D:1      | 0 ||| qw: Do second Lair branch before Depths: true
     0 | D:1      | 0 ||| qw: Lair rune preference: random
     0 | D:1      | 0 ||| qw: Plans: Normal
     0 | D:1      | 0 ||| PLANNING D:1-11
   181 | D:1      | Reached skill level 6 in Ranged Weapons
   181 | D:1      | Reached XP level 2. HP: 16/16 MP: 4/4
   257 | D:1      | 257 ||| FLEEEEING.
   258 | D:1      | 258 ||| FLEEEEING.
   259 | D:1      | 259 ||| FLEEEEING.
   260 | D:1      | 260 ||| FLEEEEING.
   596 | D:1      | 596 ||| UPGRADING to ring of see invisible.
   597 | D:1      | 597 ||| READING scroll labelled HEEZICR QEOMO.
   598 | D:1      | 598 ||| READING scroll labelled OQEATR OC QAGG.
   599 | D:1      | 599 ||| READING scroll labelled YZIJ ORYTTOMMU.
   600 | D:1      | 600 ||| READING scroll labelled QASOUJ TETS.
   601 | D:1      | 601 ||| READING 2 scrolls labelled XUSUOT FOHIP.
   602 | D:1      | 602 ||| DRINKING 2 purple potions.
   603 | D:1      | 603 ||| DRINKING 2 amethyst potions.
   708 | D:1      | 708 ||| DROPPING scroll of butterflies.
   709 | D:1      | 709 ||| DROPPING potion of berserk rage.
   736 | D:2      | Noticed Terence
   737 | D:2      | Noticed Jessica
   741 | D:2      | 741 ||| FLEEEEING.
   742 | D:2      | 742 ||| FLEEEEING.
   745 | D:2      | HP: 4/16 [Terence/+0 hand axe (6)]
   746 | D:2      | 746 ||| DRINKING potion of heal wounds.
   748 | D:2      | Reached XP level 3. HP: 14/20 MP: 5/5
   753 | D:2      | HP: 5/20 [Jessica/+0 dagger (4)]
   753 | D:2      | Slain by Terence

Levels and vault maps discovered:
D:1:      dpeg_arrival_orchard, layout_loops_ring, minmay_misc_feat_tiny
D:2:      layout_rooms, uniq_natasha, uniq_jessica, uniq_terence

Skill      XL: |  1 |
---------------+----+-----
Ranged Weapons | 6 |  6.6
Fighting       | |  1.5
Dodging        | |  2.4
Stealth        | |  1.2

Action                     || total
---------------------------++-------
   Fire: Shortbow          ||    52
    Use: Scroll            ||     5
         Potion            ||     3
 Armour: Leather armour    ||     6
  Dodge: Dodged            ||    20

Table legend:
 A = Non-vault XP
 B = Vault XP
 C = Vault XP percentage of total XP
 D = Non-vault monster count
 E = Vault monster count
 F = Vault count percentage of total count
                 A         B        C        D         E       F
            +---------+---------+-------+---------+---------+-------
      Total |      41 |       0 |   0.0 |      23 |       0 |   0.0
            +---------+---------+-------+---------+---------+-------
        D:1 |      33 |       0 |   0.0 |      19 |       0 |   0.0
        D:2 |       8 |       0 |   0.0 |       4 |       0 |   0.0
            +---------+---------+-------+---------+---------+-------
